 Dungeon Crawl Stone Soup version 0.27.1-2-g3b301248ec (webtiles) character file.

Game seed: 2863013549185626134

16 barney the Changer (level 2, -4/23 HPs)
             Began as a Draconian Transmuter on Oct 4, 2021.
             Slain by Terence (5 damage)
             ... on level 2 of the Dungeon.
             The game lasted 00:00:52 (1261 turns).

barney the Changer (Draconian Transmuter)           Turns: 1261, Time: 00:00:53

Health: -4/23      AC:  4    Str: 12    XL:     2   Next: 41%
Magic:  5/5        EV: 12    Int: 13    God:
Gold:   40         SH:  0    Dex: 11    Spells: 4/5 levels left

rFire    . . .     SeeInvis +   a - +0 dagger
rCold    . . .     Faith    .   (no shield)
rNeg     . . .     Spirit   .   (armour unavailable)
rPois    .         Reflect  .   (helmet currently unavailable)
rElec    .         Harm     .   (no cloak)
rCorr    .         Rampage  .   (no gloves)
Will     .....                  (boots currently unavailable)
Stlth    +.........             (no amulet)
HPRegen  0.07/turn              c - ring of see invisible
MPRegen  0.09/turn              (no ring)

@: lethally poisoned (-4 -> -7), appendages (expiring), attractive, hasted, very
quick
A: horns 2, talons 2, AC +4, unfitting armour, cold-blooded
a: End Transformation


You were on level 2 of the Dungeon.
You had temporarily grown beastly horns and talons.
You visited 1 branch of the dungeon, and saw 2 of its levels.

You collected 40 gold pieces.

Inventory:

Hand Weapons
 a - a +0 dagger (weapon)
Magical Staves
 d - a staff of poison
Jewellery
 c - a ring of see invisible (left hand)
Scrolls
 e - a scroll of identify {unknown}
 g - a scroll of fog {unknown}


   Skills:
 - Level 1.1 Fighting
 - Level 1.7 Dodging
 - Level 3.0 Unarmed Combat
 - Level 2.0 Spellcasting
 + Level 3.1 Transmutations


You had 4 spell levels left.
You knew the following spells:

 Your Spells              Type           Power      Damage    Failure   Level
a - Beastly Appendage     Tmut           18%        N/A       7%          1

Your spell library contained the following spells:

 Spells                   Type           Power      Damage    Failure   Level
 Wereblood                Tmut           9%         N/A       11%         2
 Spider Form              Tmut/Pois      2%         N/A       38%         3
 Ice Form                 Ice/Tmut       5%         N/A       80%         4


Dungeon Overview and Level Annotations

Branches:
Dungeon (2/15)

Altars:

Annotations:
D:2 Terence


Innate Abilities, Weirdness & Mutations

You have temporarily grown beastly horns and talons.
Your plain brown scales are hard. (AC +4)
You cannot fit into any form of body armour.
You are cold-blooded and may be slowed by cold attacks.


Message History

Terence closely misses you.
You barely miss Terence.
Terence is lightly wounded.
Terence closely misses you.
You hit Terence but do no damage.
Terence is lightly wounded.
Terence hits you but does no damage.
You hit Terence but do no damage.
Terence is lightly wounded.
Terence hits you with a +2 short sword of venom.
You closely miss Terence. You claw Terence, but do no damage.
Terence is lightly wounded.
Terence hits you with a +2 short sword of venom.
You are poisoned.
You barely miss Terence. You claw Terence.
Terence is lightly wounded.
You feel very sick.
Terence hits you with a +2 short sword of venom.
You hit Terence.
Terence is lightly wounded.
Your transformation is almost over.
* * * LOW HITPOINT WARNING * * *
You feel sick. Terence barely misses you.
It was a potion of attraction.
You feel attractive to monsters.
* * * LOW HITPOINT WARNING * * *
You feel sick. Terence closely misses you.
It was a potion of haste.
You feel yourself speed up.
* * * LOW HITPOINT WARNING * * *
You feel sick. Terence closely misses you.
Unknown command.
You barely miss Terence.
Your tail-slap misses Terence.
Terence is lightly wounded.
Terence barely misses you.
You hit Terence but do no damage. You claw Terence.
Terence is moderately wounded.
* * * LOW HITPOINT WARNING * * *
You feel sick.
Terence hits you with a +2 short sword of venom.
You die...

### ..# ####
######.# ...
#....#.#..#
###....#.#..####
......@@........
##....##.#..#..
..... #.# # ##.#
#.# # #.#..#
#.#..#
#####.#..#
#.....#..#
#.#####..#


You could see Terence.

Vanquished Creatures
  A giant cockroach (D:1)
  3 goblins (D:1)
  4 hobgoblins (D:1)
  2 kobolds
  A frilled lizard (D:1)
  4 rats (D:1)
15 creatures vanquished.

Notes
Turn   | Place    | Note
-------+----------+-------------------------------------------
     0 | D:1      | barney the Draconian Transmuter began the quest for the
                  | Orb.
     0 | D:1      | Reached XP level 1. HP: 16/16 MP: 3/3
   585 | D:1      | Reached XP level 2. HP: 23/23 MP: 3/5
   851 | D:1      | Found a faded altar of an unknown god.
  1248 | D:2      | Noticed Terence
  1261 | D:2      | HP: 1/23 [poisoned by Terence]
  1261 | D:2      | Slain by Terence

Illustrated notes

Levels and vault maps discovered:
D:1:      amcnicky_arrival_abandoned_market, layout_basic,
          hellmonk_ecumenical_altar_arch_garden, minmay_split_cup_small
D:2:      layout_basic, kennysheep_cross_room, uniq_terence

Skill      XL: |  1  2 |
---------------+-------+-----
Transmutations | 3 |  3.1
Fighting       | |  1.1
Dodging        | |  1.7
Unarmed Combat | |  3.0
Spellcasting   | |  2.0

Action                   || total
-------------------------++-------
Melee: Unarmed           ||    14
       Dagger            ||    38
       Kick              ||    13
       Headbutt          ||     2
       Tailslap          ||     3
 Cast: Beastly Appendage ||     9
  Use: Potion            ||     2
Armor: Skin              ||    10
Dodge: Dodged            ||    26
